 Dungeon Crawl Stone Soup version 0.17-a0-2055-gb4e23be (webtiles) character file.

7521 4thArraOfDagon the Martial Artist (level 11, -9/96 HPs)
             Began as a Tengu Artificer on Oct 11, 2015.
             Was a Follower of Ashenzari.
             Mangled by an ice dragon (12 damage)
             ... on level 15 of the Dungeon.
             The game lasted 00:37:08 (5300 turns).

4thArraOfDagon the Martial Artist (Tengu Artificer) Turns: 5300, Time: 00:37:09

Health: -9/96      AC:  8    Str: 17    XL:     11   Next: 16%
Magic:  17/17      EV: 21    Int: 15    God:    Ashenzari [*.....]
Gold:   484        SH:  0    Dex: 15    Spells: 0 memorised, 10 levels left

rFire  . . .     SeeInvis .       - Unarmed
rCold  + . .     Clarity  .     b - +0 leather armour
rNeg   . . .     SustAt   .     (no shield)
rPois  .         Gourm    .     (helmet restricted)
rElec  .         Spirit   .     (no cloak)
rCorr  .         Warding  .     u - +0 pair of gloves (curse)
rMut   .         Stasis   .     (boots unavailable)
MR     .....                    E - amulet of rage (curse)
Stlth  ..........               z - +4 ring of protection
                                q - ring of protection from cold

@: berserking (expiring), flying quickly and evasively, very quick, not
resistant to hostile enchantments, extremely unstealthy
A: beak, talons 3, able to fly 1
a: Scrying, Renounce Religion, Evoke Berserk Rage


You were on level 15 of the Dungeon.
You worshipped Ashenzari.
Ashenzari was aware of your devotion.
You were hungry.

You visited 2 branches of the dungeon, and saw 16 of its levels.

You collected 484 gold pieces.

Inventory:

Hand Weapons
 O - the +8 rapier "Coag" {vamp, +Fly rF- MP+9 Int+4}
   (You found it on level 10 of the Dungeon)

   It inflicts no extra harm, but heals its wielder somewhat when it strikes a
   living foe.
   It affects your intelligence (+4).
   It makes you vulnerable to fire.
   It affects your magic capacity (+9).
   It lets you fly.
Missiles
 o - 4 silver javelins (quivered)
 p - 7 exploding tomahawks
Armour
 b - a +0 leather armour (worn)
 u - a cursed +0 pair of gloves (worn)
Rods
 a - a +0 lightning rod (11/11)
   (You found it on level 7 of the Dungeon)
 D - a +1 rod of the swarm (12/12)
   (You found it on level 9 of the Dungeon)
Jewellery
 q - a ring of protection from cold (left hand)
 v - an uncursed ring of protection from cold
 w - an uncursed ring of fire
 z - a +4 ring of protection (right hand)
 E - a cursed amulet of rage (around neck)
 G - an uncursed amulet of resist mutation
Wands
 c - a wand of flame (0)
 d - a wand of enslavement (0)
 e - a wand of random effects (2)
 m - a wand of fire (9)
 r - a wand of teleportation (0)
 s - a wand of teleportation (5)
 y - a wand of flame (25)
 K - a wand of slowing (2)
 L - a wand of invisibility (0)
 Q - a wand of cold (12)
 R - a wand of digging (9)
Scrolls
 i - 2 scrolls of immolation
 l - 4 scrolls of curse armour
 J - a scroll of teleportation
 M - 3 scrolls of curse weapon
Potions
 t - a potion of poison
 B - a potion of resistance {unknown}
 C - a potion of brilliance
 N - 2 potions of degeneration
 P - a potion of heal wounds
Books
 g - a book of Callings

   Spells                             Type                      Level
   a - Summon Small Mammal            Summoning                    1
   b - Call Imp                       Summoning                    2
   c - Call Canine Familiar           Summoning                    3
   d - Summon Guardian Golem          Hexes/Summoning              3
   e - Summon Lightning Spire         Summoning/Air                4
   f - Summon Ice Beast               Ice/Summoning                4
 h - a book of Summonings

   Spells                             Type                      Level
   a - Recall                         Summoning/Translocation      3
   b - Aura of Abjuration             Summoning                    5
   c - Shadow Creatures               Summoning                    5
   d - Summon Demon                   Summoning                    5
   e - Summon Forest                  Summoning/Translocation      5
   f - Summon Mana Viper              Hexes/Summoning              5
 n - a book of Debilitation

   Spells                             Type                      Level
   a - Corona                         Hexes                        1
   b - Slow                           Hexes                        2
   c - Gell's Gravitas                Hexes/Translocation          3
   d - Inner Flame                    Hexes/Fire                   3
   e - Cause Fear                     Hexes                        4
   f - Leda's Liquefaction            Hexes/Earth                  4
Miscellaneous
 A - a phial of floods
Comestibles
 f - 10 bread rations
 k - a slice of pizza
 x - 5 fruits
 F - 2 meat rations
 H - a beef jerky


   Skills:
 + Level 5.9 Fighting
 - Level 1.1 Short Blades
 + Level 9.3 Dodging
 - Level 1.0 Stealth
 * Level 12.4 Unarmed Combat
 + Level 7.5 Evocations


You had 10 spell levels left.
You didn't know any spells.

Dungeon Overview and Level Annotations

Branches:
Dungeon (15/15)            Temple (1/1) D:4
   Lair: D:8-11         Orc: D:9-12      Vaults: D:13-14     Depths: D:15

Altars:
Ashenzari
Dithmenos
Elyvilon
Fedhas
Gozag
Kikubaaqudgha
Makhleb
Nemelex Xobeh
Okawaru
Qazlal
Ru
Sif Muna
Trog
Xom
Yredelemnul
Zin
The Shining One

Annotations:
D:3 MDvedh's ghost, amateur DgIE; Natasha
D:4 Alipheese's ghost, amateur NaGl
D:5 Dowan; Duvessa
D:8 Erica; Prince Ribbit
D:9 Gastronok
D:10 ORC
D:11 Grum


Innate Abilities, Weirdness & Mutations

You have a beak for a mouth.
You have claws for feet.
You can fly.


Message History

You punch the ice dragon! You claw the ice dragon.
The ice dragon is almost dead.
Unknown command.
You closely miss the ice dragon. Your peck misses the ice dragon.
The ice dragon is almost dead.
The ice dragon barely misses you. The ice dragon misses you.
The ice dragon barely misses you.
Unknown command.
Unknown command.
You barely miss the ice dragon.
You punch the ice dragon, but do no damage.
The ice dragon is almost dead.
Unknown command.
Unknown command.
You hit the ice dragon but do no damage.
The ice dragon is almost dead.
The ice dragon bites you!
* * * LOW HITPOINT WARNING * * *
The ice dragon claws you!
You die...

#.#.............##
#.########.#...## #.#
#.##.## #.# #.#..#
#.### #.#.## #...
..#. #..# ###. #..#
#. #.#######@.######
#. #........D.......
.. #########..######
##.######..########
##.................#
##...D#############.#
#..8..# #.# #.D...#
#[# #.##.## #.#


You could see an ice dragon.

Vanquished Creatures
  A wizard (D:14)
  A cyclops (D:13)
  2 centaur zombies
  A centaur skeleton (D:15)
  Psyche (D:12)
  A kobold demonologist (D:13)
  2 trolls
  A two-headed ogre (D:13)
  A wyvern (D:7)
  Sigmund (D:3)
  A water moccasin (D:5)
  3 orc warriors
  A sky beast (D:7)
  A phantom (D:7)
  An ice beast (D:14)
  6 ogres
  A big kobold (D:11)
  2 giant frogs
  2 centaurs
  A wyvern skeleton (D:4)
  A scorpion (D:12)
  11 killer bees (D:13)
  An electric eel (D:10)
  9 wights
  A giant frog zombie (D:13)
  4 crimson imps
  A giant frog skeleton (D:10)
  An orc priest (D:8)
  2 jellies
  2 hounds
  6 orc wizards
  Ijyb (D:2)
  An iguana (D:8)
  3 worker ants
  Jessica (D:3)
  A hound zombie (D:3)
  Robin (D:2)
  A gnoll (D:5)
  2 worker ant zombies
  5 adders
  A shadow imp (D:14)
  4 giant geckos
  20 orcs
  4 giant cockroaches
  13 goblins
  8 hobgoblins
  A quokka (D:12)
  4 ball pythons
  2 bats (D:2)
  5 giant newts
  10 kobolds
  8 rats
166 creatures vanquished.

Vanquished Creatures (collateral kills)
  Fannar (D:11)
  Nergalle (D:11)
  An orc (D:5)
  An electric eel (D:10)
  A jelly (D:5)
  A shadow imp (D:5)
  A giant gecko (D:5)
  2 goblins (D:5)
9 creatures vanquished.

Vanquished Creatures (others)
  A centaur (D:5)
1 creature vanquished.

Grand Total: 176 creatures vanquished

Notes
Turn   | Place    | Note
--------------------------------------------------------------
     0 | D:1      | 4thArraOfDagon the Tengu Artificer began the quest for the Orb.
     0 | D:1      | Reached XP level 1. HP: 12/12 MP: 4/4
   135 | D:1      | Reached XP level 2. HP: 16/16 MP: 5/5
   157 | D:1      | Reached skill level 1 in Unarmed Combat
   461 | D:2      | Reached XP level 3. HP: 12/20 MP: 6/6
   540 | D:3      | Noticed Jessica
   543 | D:3      | Killed Jessica
   543 | D:3      | Reached XP level 4. HP: 11/25 MP: 7/7
   632 | D:3      | Noticed MDvedh's ghost (amateur DgIE)
   654 | D:3      | Noticed Sigmund
   675 | D:3      | Found a sacrificial altar of Ru.
   698 | D:3      | Noticed Natasha
   739 | D:4      | Noticed an ogre
   771 | D:4      | Noticed Alipheese's ghost (amateur NaGl)
   775 | D:4      | Found a staircase to the Ecumenical Temple.
   784 | Temple   | Entered the Ecumenical Temple
   804 | Temple   | ctrl q
   827 | D:5      | Entered Level 5 of the Dungeon
   839 | D:5      | Noticed a centaur
   853 | D:5      | Noticed a water moccasin
   856 | D:5      | a centaur (ally) was killed
   872 | D:5      | Found a shimmering altar of Xom.
   900 | D:5      | Noticed Duvessa
   997 | D:5      | Gained mutation: You can fly. [Tengu growth]
   997 | D:5      | Reached XP level 5. HP: 4/29 MP: 8/8
  1002 | D:5      | Found an iron altar of Okawaru.
  1006 | D:5      | :(
  1130 | D:5      | Noticed a slave
  1146 | D:5      | Noticed an ogre
  1166 | D:5      | Noticed Dowan
  1246 | D:6      | Noticed a centaur
  1285 | D:7      | Noticed a sky beast
  1355 | D:8      | Noticed a hungry ghost
  1459 | D:8      | Noticed a sky beast
  1494 | D:8      | Noticed Prince Ribbit
  1725 | D:10     | Entered Level 10 of the Dungeon
  1730 | D:10     | Reached skill level 4 in Dodging
  1773 | D:10     | Noticed an orc warrior
  1820 | D:10     | Noticed an orc warrior
  1842 | D:11     | Noticed Grum
  1969 | D:10     | Reached XP level 6. HP: 25/34 MP: 9/9
  1972 | D:10     | Reached skill level 5 in Unarmed Combat
  2006 | D:9      | Found a shimmering altar of Xom.
  2031 | D:9      | Identified a +1 rod of the swarm (12/12) (You found it on level 9 of the Dungeon)
  2059 | D:9      | Noticed Gastronok
  2067 | D:9      | Noticed an ogre
  2067 | D:9      | Noticed a phantom
  2086 | D:8      | Noticed Erica
  2184 | D:7      | Noticed an ice beast
  2187 | D:7      | Noticed a wyvern
  2195 | D:7      | Killed a wyvern
  2195 | D:7      | Reached skill level 5 in Dodging
  2195 | D:7      | Reached skill level 6 in Unarmed Combat
  2195 | D:7      | Reached XP level 7. HP: 27/38 MP: 10/10
  2273 | D:7      | Noticed an ogre
  2302 | D:7      | Noticed a phantom
  2314 | D:7      | Killed an ogre
  2327 | D:7      | Killed a phantom
  2327 | D:7      | Reached skill level 7 in Unarmed Combat
  2427 | D:7      | HP: 1/38 [poisoned by a worker ant]
  2508 | D:6      | Reached XP level 8. HP: 39/43 MP: 11/11
  2516 | D:6      | Noticed an ogre
  2528 | D:6      | Killed an ogre
  2591 | D:6      | Killed a centaur
  2591 | D:6      | Reached skill level 8 in Unarmed Combat
  2657 | D:5      | Killed an ogre
  2710 | D:5      | Killed a water moccasin
  2780 | D:4      | Killed an ogre
  3033 | D:3      | Killed Sigmund
  3033 | D:3      | Reached skill level 9 in Unarmed Combat
  3033 | D:3      | Reached XP level 9. HP: 29/48 MP: 13/13
  3074 | D:2      | Noticed Ijyb
  3094 | D:2      | Killed Ijyb
  3203 | D:2      | Noticed Robin
  3213 | D:2      | Killed Robin
  3317 | D:2      | You fall through a shaft for 2 floors!
  3395 | D:4      | Found a shattered altar of Ashenzari.
  3430 | D:4      | Became a worshipper of Ashenzari the Shackled
  3570 | D:7      | Found a stormy altar of Qazlal.
  3594 | D:7      | Killed a sky beast
  3644 | D:8      | Reached skill level 5 in Evocations
  3707 | D:10     | Noticed a water moccasin
  3722 | D:10     | Got the rapier "Coag" {vamp, +Fly rF- MP+9 Int+4}
  3729 | D:10     | Noticed a troll
  3741 | D:10     | Noticed an orc warrior
  3752 | D:10     | Killed a troll
  3758 | D:10     | Killed an orc warrior
  3762 | D:10     | Killed an orc warrior
  3768 | D:10     | :(
  3842 | D:11     | Noticed a wolf
  3843 | D:11     | Noticed Psyche
  3852 | D:12     | Killed Psyche
  3852 | D:12     | Reached skill level 10 in Unarmed Combat
  3889 | D:12     | Found an opulent altar of Gozag.
  3972 | D:11     | Noticed an orc warrior
  3978 | D:11     | Noticed a centaur zombie
  3985 | D:11     | Killed an orc warrior
  3992 | D:11     | Killed a centaur zombie
  4009 | D:11     | Noticed Fannar
  4009 | D:11     | Noticed Nergalle
  4084 | D:11     | Killed Fannar
  4084 | D:11     | Reached XP level 10. HP: 52/57 MP: 15/15
  4166 | D:12     | Reached skill level 11 in Unarmed Combat
  4242 | D:11     | Killed Nergalle
  4361 | D:11     | Noticed an orc warrior
  4642 | D:13     | Acquired Ashenzari's first power
  4691 | D:13     | Reached skill level 5 in Fighting
  4704 | D:13     | Noticed a cyclops
  4714 | D:13     | Killed a cyclops
  4911 | D:14     | Reached skill level 12 in Unarmed Combat
  4934 | D:14     | Noticed a wizard
  4943 | D:14     | Killed a wizard
  4943 | D:14     | Reached XP level 11. HP: 57/64 MP: 17/17
  5078 | D:15     | Entered Level 15 of the Dungeon
  5106 | D:15     | :(
  5268 | D:15     | Noticed an ice dragon
  5300 | D:15     | HP: 3/96 [ice dragon (13)]
  5300 | D:15     | Mangled by an ice dragon

Vault maps used:
D:1:      dpeg_arrival_morbid_curiosity
D:2:      first_bread, minmay_cupped, uniq_robin, uniq_iyjb
D:3:      nicolae_ru_sacrificial_ziggurat, uniq_jessica, uniq_natasha,
          uniq_sigmund
D:4:      lemuel_doored_altar, minmay_temple_entry_poolview
D:5:      lemuel_ice_spiral_2, okawaru_altar_gauntlet_db, xom_teletrap_fun,
          uniq_duvessa, uniq_pikel
D:6:      roderic_serpentine_path, serial_bayou_pond_b, fedhas_altar_fruit_tree
D:7:      kennysheep_mini_moat
D:8:      old_standard_altar, david_lair_shrubbed, uniq_erica,
          uniq_prince_ribbit1
D:9:      old_standard_altar, nicolae_overflow_hidden_temple, uniq_gastronok
D:10:     erik_orc_2, hangedman_fish_farm, serial_park_tiny_1
D:11:     serial_co_window_serial, co_window_paths_b, co_window_paths_a,
          co_window_paths_a, co_window_corner_a, co_window_paths_a,
          co_window_2corner, co_window_2corner, co_window_cross_4,
          co_window_broadway_c, glass_columns_b, glass_columns_b,
          glass_columns_a, glass_columns_a, uniq_psyche, uniq_fannar,
          uniq_nergalle, uniq_grum
D:12:     basic_altar, minivault_25_ag, serial_bayou_ford_a, minmay_holes
D:13:     serial_shops, shop
D:14:     lightli_vaults_fourway_checkpoint, serial_shops,
          kennysheep_little_box, shop, nicolae_shop_stone, bh_chokoban
D:15:     grunt_enter_depths_hoard
Temple:   circular_temple_12

Action                   |  1- 3 |  4- 6 |  7- 9 | 10-12 || total
-------------------------+-------+-------+-------+-------++-------
Melee: Short sword       |    61 |    16 |       |       ||    77
       Unarmed           |       |    51 |   263 |   200 ||   514
Throw: Javelin           |       |     4 |       |     1 ||     5
 Abil: Evoke Berserk Rag |       |       |    13 |     5 ||    18
       Fly               |       |       |     8 |     7 ||    15
Evoke: Wand              |     7 |    38 |     2 |       ||    47
       Phial of floods   |       |     1 |       |       ||     1
       Rod               |       |       |     4 |     4 ||     8
  Use: Potion            |       |     5 |    10 |       ||    15
       Scroll            |       |     8 |     3 |     8 ||    19
 Stab: Sleeping          |     1 |       |     2 |     1 ||     4
       Invisible         |       |     3 |     1 |       ||     4
       Distracted        |       |       |     1 |     2 ||     3
  Eat: Chunk             |       |     4 |    16 |     7 ||    27
       Royal jelly       |       |     1 |       |     1 ||     2
       Fruit             |       |       |     1 |     1 ||     2
